[Event "*** Titled Tuesday Blitz"]
[Site "Chess.com"]
[Date "2020.12.29"]
[Round "9"]
[White "dosto07"]
[Black "kinga2008"]
[Result "0-1"]
[WhiteElo "2268"]
[BlackElo "2173"]
[TimeControl "180+1"]
[EndTime "11:45:59 PST"]
[Termination "kinga2008 won on time"]

1. e4 c5 2. Nf3 a6 3. c3 Nc6 4. d4 cxd4 5. cxd4 d5 6. exd5 Qxd5 7. Nc3 Qd8 8. d5 Nb8 9. Bf4 Nf6 10. Be2 g6 11.
O-O Bg7 12. a4 O-O 13. h3 Qb6 14. Qd2 Nbd7 15. a5 Qb4 16. Ra4 Qc5 17. b4 Qa7 18.
Rc1 b5 19. axb6 Nxb6 20. Raa1 Bf5 21. Ne5 Ne4 22. Nxe4 Bxe4 23. Rxa6 Qb7 24. Rxa8 Rxa8 25. Nc6 Bxd5 26. Na5 Qd7 27. Be3 Rb8 28. Rd1 Qe6 29. Bxb6 Bb3 30. Nxb3 Qxb3 31. Bc5 e6 32. Qd3 Qa4 33.
Bf3 Bf8 34. Bxf8 Rxf8 35. Qd4 Rb8 36. Rb1 Qc2 37. Qb2 Qc4 38. b5 Qc7 39. b6 Qd8 40. b7 Qe7 41. h4 Qxh4 42. Rc1 Qd8 43. Qd4 Qxd4 44. Rc8+ Qd8 45. Rxd8+ Rxd8 46. Kf1 Kf8 47.
Ke2 Ke7 48. Ke3 Kd6 49. Ke4 Rb8 50. Kf4 h5 51. Kg5 Ke5 52. g3 Rd8 53. Bc6 Rb8 54.
Bg2 Kd6 55. Kf6 e5 56. Kxf7 g5 57. Kf6 h4 58. gxh4 gxh4 59. Kg5 h3 60. Bxh3 Rxb7 61. Bf5 Rf7 62. f3 Kd5 63. Kg6 Rf8 64. Kg5 Kd4 65.
Be4 Ke3 66. Kg6 Rxf3 67. Bxf3 Kxf3 68. Kf5 e4 69. Ke5 e3 0-1

[Event "*** Titled Tuesday Blitz"]
[Site "Chess.com"]
[Date "2020.12.29"]
[Round "9"]
[White "Witik"]
[Black "vladgoncharov"]
[Result "1-0"]
[WhiteElo "2719"]
[BlackElo "2556"]
[TimeControl "180+1"]
[EndTime "11:46:01 PST"]
[Termination "Witik won on time"]

1. d4 Nf6 2. c4 e6 3. Nf3 b6 4. a3 Bb7 5. Nc3 Be7 6. d5 O-O 7. e4 exd5 8. cxd5 a5 9. e5 Ne8 10. Bc4 d6 11. e6 fxe6 12. Nd4 Bf6 13. Nxe6 Bxc3+ 14. bxc3 Qh4 15. Qd4 Qxd4 16. cxd4 Rf7 17. Bg5 Nf6 18. Bxf6 gxf6 19. Rc1 Re7 20. Kd2 Ra7 21. Rc3 Bc8 22. f4 Bxe6 23. dxe6 c6 24. f5 d5 25. Bxd5 cxd5 26. Rc8+ Kg7 27. Rxb8 Rac7 28.
Rc1 Rxc1 29. Kxc1 Rc7+ 30. Kd2 Kh6 31. Rxb6 Kg5 32. Rb5 Kxf5 33. Rxd5+ Kxe6 34. Rxa5 Rc4 35. Kd3 Rc1 36. Rh5 Ra1 37. Rxh7 Rxa3+ 38. Ke4 Ra2 39. Rg7 Re2+ 40. Kf3 Rd2 41. Ke3 Rd1 42. h4 Rh1 43. g3 Re1+ 44. Kd2 Rh1 45. Ke3 Re1+ 46. Kf3 Rd1 47. Rg4 Kf5 48. Rf4+ Kg6 49. Ke4 Re1+ 50. Kd5 Re3 51. g4 Rh3 52. h5+ Kg5 53. Re4 f5 54. gxf5 Kxf5 55. Re5+ Kf6 56. Ke4 Rh4+ 57. Kd5 Rh1 58. Re6+ Kf7 59. h6 Rh5+ 60. Kd6 Ra5 61.
d5 Ra1 62. h7 Rh1 63. Re7+ Kf6 64. Kd7 Rh2 65. d6 Rh3 66. Ke8 1-0

[Event "*** Titled Tuesday Blitz"]
[Site "Chess.com"]
[Date "2020.12.29"]
[Round "9"]
[White "SantoBlue"]
[Black "Bigfish1995"]
[Result "1/2-1/2"]
[WhiteElo "2881"]
[BlackElo "3009"]
[TimeControl "180+1"]
[EndTime "11:46:03 PST"]
[Termination "Game drawn - insufficient material"]

1. e4 e5 2. Nf3 Nc6 3. Bc4 d6 4. d4 Nf6 5. dxe5 dxe5 6. Qxd8+ Nxd8 7. Nc3 Bb4 8. Bd2 Be6 9. Bd3 Bd6 10. Nb5 Nc6 11. Bg5 Nd7 12. a3 f6 13. Be3 a6 14.
Nxd6+ cxd6 15. h4 Nc5 16. Nd2 Nxd3+ 17. cxd3 d5 18. Bb6 Rc8 19. Rc1 Kf7 20. exd5 Bxd5 21. Ne4 Bxe4 22. dxe4 Na5 23. Rxc8 Rxc8 24. Rh3 Nc4 25.
Rb3 Ke6 26. a4 Rc6 27. Ba7 b6 28. Rb4 a5 29. Rb5 Kd7 30. b3 Nd6 31. Rxb6 Nxe4 32. Rb7+ Rc7 33. Rxc7+ Kxc7 34. f3 Nd6 35. Bc5 Nf5 36. h5 Kc6 37. Bf8 g6 38. hxg6 hxg6 39. Kd2 Kd5 40. Kd3 Nh4 41. Bg7 Ke6 42. b4 axb4 43.
a5 Nxg2 44. a6 Nf4+ 45. Kc4 Nd5 46. Bh6 Kd6 47. a7 Nc7 48. Kxb4 Kc6 49. Kc4 Kb7 50.
Be3 g5 51. Kc5 Kxa7 52. Kd6+ Kb7 53. Kd7 Nd5 54. Bd2 Kb6 55. Kd6 Nf4 56. Ke7 Nh5 57. Kf7 Kc5 58. Kg6 Ng3 59. Kxf6 g4 60. Be3+ Kd5 61.
fxg4 Ke4 62. Bf2 Ne2 63. g5 Nf4 64. Kf7 Kf3 65. Bc5 e4 66. g6 Nxg6 67. Kxg6 e3 68. Bxe3 1/2-1/2

[Event "*** Titled Tuesday Blitz"]
[Site "Chess.com"]
[Date "2020.12.29"]
[Round "9"]
[White "MaevskiyNikolay"]
[Black "TomasKapitanchuk"]
[Result "1/2-1/2"]
[WhiteElo "2594"]
[BlackElo "2480"]
[TimeControl "180+1"]
[EndTime "11:46:05 PST"]
[Termination "Game drawn by stalemate"]

1. d4 Nf6 2. c4 e6 3. Nf3 c5 4.
e3 Be7 5. Nc3 cxd4 6. exd4 d5 7.
cxd5 exd5 8. Bd3 Bg4 9. h3 Bh5 10. O-O O-O 11. Be3 Nc6 12. Be2 Re8 13. Ne5 Bxe2 14.
Qxe2 Bd6 15. Nxc6 bxc6 16. Qf3 Ne4 17. Rfc1 Rb8 18. Na4 Qa5 19. b3 Qb5 20. Bf4 Rbd8 21. Rc2 Re6 22. Bxd6 Rdxd6 23. Nc5 Nxc5 24. Rxc5 Qb4 25.
Qc3 Qb8 26. b4 Rg6 27. Re1 h6 28. a3 Qd8 29. Re5 Qh4 30. Qe3 Rde6 31. Kh2 Rxe5 32.
dxe5 Re6 33. g3 Qd8 34. Qd4 Qe7 35. Kg2 h5 36. h4 f6 37. exf6 Rxf6 38. b5 cxb5 39.
Qxd5+ Qf7 40. Qxf7+ Kxf7 41. Rxb5 Ra6 42. Rxh5 Rxa3 43.
Rb5 a5 44. Rb6 a4 45. h5 Ra2 46. g4 a3 47. g5 Rb2 48. Ra6 a2 49. h6 gxh6 50.
gxh6 Kg8 51. Ra7 Rb6 52. h7+ Kh8 53. Rxa2 Kxh7 54. Ra7+ Kg6 55. f3 Kf5 56. Kf2 Rb2+ 57. Kg3 Rb3 58. Ra5+ Kf6 59. Kg4 Kf7 60. f4 Rb6 61.
Rc5 Ra6 62. Rc7+ Kf8 63. Rh7 Rb6 64. Kg5 Ra6 65. f5 Rb6 66. Rd7 Ra6 67. Rc7 Rb6 68. Ra7 Rc6 69. Ra8+ Kf7 70. Ra7+ Kf8 71. Rd7 Ra6 72. Rd5 Kf7 73. Kf4 Kf8 74. Ke5 Kf7 75. Rc5 Kf8 76. Rc7 Ke8 77. Rh7 Kf8 78. Kf4 Kg8 79. Rb7 Kf8 80. Kg5 Rc6 81. f6 Rc1 82. Rb8+ Kf7 83. Rb7+ Kf8 84. Rg7 Rg1+ 85. Kh6 Rxg7 86.
fxg7+ Kg8 87. Kg6 1/2-1/2

[Event "*** Titled Tuesday Blitz"]
[Site "Chess.com"]
[Date "2020.12.29"]
[Round "9"]
[White "zajka-molotok"]
[Black "rynos0411"]
[Result "0-1"]
[WhiteElo "2480"]
[BlackElo "2355"]
[TimeControl "180+1"]
[EndTime "11:46:05 PST"]
[Termination "rynos0411 won on time"]

1. e4 e5 2. Nf3 Nc6 3. Bb5 Nf6 4. Qe2 d6 5. c3 Qe7 6. O-O g6 7. Re1 Bg7 8. d4 O-O 9. d5 Nb8 10. c4 Bd7 11. Nc3 a6 12. Bxd7 Nbxd7 13. Be3 h6 14. Nd2 Nh7 15. b4 f5 16. f3 f4 17. Bf2 g5 18. Nb3 h5 19. c5 b6 20. cxd6 cxd6 21. Rac1 Nhf6 22. Na4 b5 23. Nb6 Nxb6 24. Bxb6 Rfc8 25.
Na5 g4 26. Rc6 gxf3 27. gxf3 Ne8 28. Kh1 Rxc6 29. Nxc6 Qh4 30. Rg1 Rc8 31. Qg2 Qf6 32.
Qh3 Ra8 33. Qxh5 Qf7 34. Qg4 Nf6 35. Qg6 Qxg6 36. Rxg6 Kf7 37. Rg2 Rh8 38. Kg1 Nd7 39. Bc7 Bf8 40. Nd8+ Ke8 41. Ne6 Be7 42. Ba5 Kf7 43.
Rg7+ Ke8 44. Rg6 Nf8 45. Nxf8 Kxf8 46. Kg2 Kf7 47. Rg4 Rc8 48. Kh3 Rc2 49. Rg2 Rc3 50.
Kg4 Rc8 51. h4 Rh8 52. h5 Rg8+ 53. Kh3 Rh8 54. Rc2 Rxh5+ 55. Kg2 Rg5+ 56. Kf2 Rh5 57. Kg2 Rg5+ 58. Kf1 Rh5 59. Bb6 Rh1+ 60. Bg1 Rh8 61. Rc6 Ra8 62. Ke2 a5 63. a3 axb4 64.
axb4 Ra2+ 65. Kf1 Ra3 66. Kg2 Rb3 67. Rb6 Rxb4 68. Rb7 Rb2+ 69. Bf2 b4 70. Kf1 Ke8 0-1

[Event "*** Titled Tuesday Blitz"]
[Site "Chess.com"]
[Date "2020.12.29"]
[Round "9"]
[White "horripile"]
[Black "Vuk2000"]
[Result "0-1"]
[WhiteElo "2697"]
[BlackElo "2827"]
[TimeControl "180+1"]
[EndTime "11:46:08 PST"]
[Termination "Vuk2000 won on time"]

1. e4 e6 2. d4 d5 3. Nd2 Be7 4.
Ngf3 Nf6 5. e5 Nfd7 6. Bd3 c5 7. c3 b6 8. O-O Ba6 9. Ne1 Qc8 10. Qg4 g6 11. Ndf3 Nc6 12. a3 h5 13. Qg3 Bxd3 14.
Nxd3 Qa6 15. Nf4 O-O-O 16. h4 Qa4 17. Be3 Kb7 18. b4 c4 19. Nh3 Rdf8 20. Nfg5 Bxg5 21.
Bxg5 Qc2 22. Qe3 Re8 23. a4 a6 24. Rfc1 Qf5 25. Ra2 Ne7 26. Bxe7 Rxe7 27. Ng5 f6 28.
exf6 Nxf6 29. b5 a5 30. Re1 Rhe8 31. Rae2 Ng4 32. Qf3 Qxf3 33. gxf3 Nh6 34. Nxe6 Nf5 35. Kh2 Kc8 36. Kh3 Kd7 37. Nf4 Rxe2 38. Rxe2 Rxe2 39.
Nxe2 Kd6 40. Nf4 Ne7 41. Kg3 Nf5+ 42. Kh3 Ne7 43. Ng2 Ke6 44. Ne3 Nf5 45. Ng2 Ne7 46. Kg3 Kf5 47. Kh2 Kf6 48. Kg3 Kf5 49. Ne3+ Ke6 50. Kf4 Kf6 51. Nf1 Nf5 52. Ne3 Ne7 53.
Kg3 Ke6 54. f4 Nf5+ 55. Kh3 Nd6 56. f3 Nf5 57. Nf1 Kf6 58. Ng3 Ne3 59. Ne2 Kf5 60. Ng3+ Kxf4 61. Ne2+ Kxf3 62. Ng1+ Kf4 63. Ne2+ Kf3 64.
Ng1+ Kf2 65. Kh2 Ng4+ 66. Kh1 Kg3 67. Ne2+ Kf3 68. Ng1+ Ke4 69. Kg2 Kd3 70. Nf3 Kxc3 71. Ne5 Kxd4 0-1

[Event "*** Titled Tuesday Blitz"]
[Site "Chess.com"]
[Date "2020.12.29"]
[Round "9"]
[White "Martins-BR"]
[Black "HackingKid98"]
[Result "0-1"]
[WhiteElo "2276"]
[BlackElo "2420"]
[TimeControl "180+1"]
[EndTime "11:46:13 PST"]
[Termination "HackingKid98 won on time"]

1. e4 c6 2. d4 d5 3. Nd2 dxe4 4.
Nxe4 Bf5 5. Ng3 Bg6 6. Bc4 e6 7. N1e2 Bd6 8. h4 h6 9. Nf4 Bxf4 10.
Bxf4 Nf6 11. h5 Bh7 12. Qd2 Nd5 13. O-O-O Nxf4 14. Qxf4 Nd7 15. Rhe1 O-O 16. Bd3 Bxd3 17. Rxd3 Nf6 18. Re5 Qc7 19. Ne4 Nd7 20. Rg3 Nxe5 21. dxe5 f5 22. Nd6 Kh8 23. Rg6 Qe7 24. g3 Rad8 25. a3 Rd7 26. Kb1 Rfd8 27. g4 Rxd6 28. exd6 Qxd6 29. Qxd6 Rxd6 30. gxf5 Rd1+ 31. Ka2 exf5 32.
Re6 Rd7 33. Kb3 Kg8 34. Kc3 Kf7 35. Rg6 Rd5 36. b4 f4 37. Rg4 Rxh5 38. Rxf4+ Ke6 39. Re4+ Re5 40. Rf4 g5 41. Rf8 Rf5 42. Rb8 Rf3+ 43. Kb2 b5 44. Rb7 Rf7 45. Rb8 Rh7 46. Rc8 Kd7 47.
Rg8 h5 48. Rxg5 h4 49. Rg2 h3 50. Rh2 Ke6 51. Kc3 Kf5 52. Kd3 Kf4 53. Kd4 Rh5 54.
c4 Kf3 55. cxb5 cxb5 56. Kd3 Rh4 57. Kc3 Ke4 58. Kd2 Kd4 59. Kc2 Ke4 60. Kd2 Kf3 61.
Kd3 Rh5 62. Kd2 Kg4 63. Ke3 Re5+ 64. Kd4 Re1 65. Kc5 Re5+ 66. Kc6 a6 67. Kb6 Re6+ 68. Ka5 Rh6 69. a4 bxa4 70. Kxa4 Rh5 71. Kb3 Kf3 72. Kc3 Ke2 73. Kc4 Kf1 74. f4 Kg1 75. f5 Kxh2 0-1

[Event "*** Titled Tuesday Blitz"]
[Site "Chess.com"]
[Date "2020.12.29"]
[Round "9"]
[White "Skat2704"]
[Black "davidkalashian"]
[Result "1/2-1/2"]
[WhiteElo "2395"]
[BlackElo "2564"]
[TimeControl "180+1"]
[EndTime "11:46:19 PST"]
[Termination "Game drawn by stalemate"]

1. d4 Nf6 2. c4 e6 3. Nf3 b6 4.
g3 Ba6 5. Qc2 Bb4+ 6. Bd2 Be7 7.
Bg2 c6 8. O-O O-O 9. Ne5 d5 10.
cxd5 cxd5 11. Nc3 Nfd7 12. Nd3 Nc6 13. Qa4 Qc8 14. Rfc1 Qb7 15. Be3 Rac8 16. Rab1 Na5 17. b4 Rc4 18. Qd1 Rxc3 19. Rxc3 Bxd3 20. exd3 Nc6 21.
a3 Bd6 22. Rbc1 Ne7 23. R1c2 h6 24. Qc1 Nf6 25. Rc7 Qa6 26. R7c3 Nf5 27. h3 Qa4 28. Bf3 a5 29. bxa5 bxa5 30. Kg2 Kh7 31. Qb2 Bxg3 32. Bg4 Bd6 33. Bxf5+ exf5 34. Rc6 Bb8 35. Rc8 Rxc8 36. Rxc8 Bd6 37. Qb6 Qxa3 38. Qd8 Kg6 39. Rc6 f4 40. Qxd6 Qxd6 41. Rxd6 fxe3 42. fxe3 Kf5 43.
Ra6 g5 44. Rxa5 Ke6 45. Ra6+ Ke7 46. Kf3 h5 47. e4 g4+ 48. hxg4 hxg4+ 49. Kf4 g3 50. e5 Nh5+ 51. Kf3 f6 52. Ra7+ Ke6 53. Rh7 g2 54. Kxg2 Nf4+ 55. Kf3 Nxd3 56. Rh6 Ne1+ 57. Ke2 Nc2 58. Rxf6+ Ke7 59. Kd3 Nb4+ 60. Kd2 Kd7 61. Rd6+ Kc7 62. Kc3 Nc6 63. Rxc6+ Kxc6 64. Kb4 Kb6 65.
e6 Kc6 66. Ka5 Kd6 67. Kb6 Kxe6 68. Kc5 Ke7 69. Kxd5 Kd7 70. Kc5 Kc7 71. d5 Kd7 72.
d6 Kd8 73. Kc6 Kc8 74. d7+ Kd8 75. Kd6 1/2-1/2

[Event "*** Titled Tuesday Blitz"]
[Site "Chess.com"]
[Date "2020.12.29"]
[Round "9"]
[White "Koksal06"]
[Black "Siniauski"]
[Result "1-0"]
[WhiteElo "2475"]
[BlackElo "2584"]
[TimeControl "180+1"]
[EndTime "11:46:25 PST"]
[Termination "Koksal06 won by checkmate"]

1. d4 Nf6 2. c4 e6 3. Nf3 b6 4. g3 Bb4+ 5. Bd2 Be7 6. Bg2 Bb7 7.
O-O c6 8. Nc3 d5 9. b3 O-O 10.
Bf4 Na6 11. Ne5 Rc8 12. Rc1 Nd7 13. e4 Nxe5 14. Bxe5 dxc4 15. bxc4 Bf6 16. Bxf6 Qxf6 17. e5 Qe7 18. Qa4 Rfd8 19. Rfd1 Qb4 20. Qxb4 Nxb4 21.
a3 Na6 22. Ne4 Kf8 23. Nd6 Rc7 24. f4 Ba8 25. Kf2 Ke7 26. Ke3 Nb8 27. c5 Nd7 28.
Ne4 f6 29. Rb1 Bb7 30. Nd6 Ba8 31. Rdc1 bxc5 32. dxc5 fxe5 33. fxe5 Nxe5 34. Be4 g6 35. Kd4 Nd7 36. Rf1 e5+ 37. Kc4 Nxc5 38. Kxc5 Rxd6 39. Rf7+ Kxf7 40. Kxd6 Rc8 41. Kc5 Ke6 42. Rb2 Rd8 43.
Bg2 h5 44. Be4 g5 45. Bf3 g4 46. Bg2 Rd3 47. Rb8 Rd2 48. Be4 Rxh2 49. Rxa8 Ra2 50. Rxa7 Re2 51. Bxc6 Re3 52. a4 Rxg3 53. a5 Rc3+ 54.
Kb6 h4 55. a6 Kd6 56. Rd7+ Ke6 57. Rh7 Rb3+ 58. Kc5 h3 59. a7 Ra3 60. a8=Q Rxa8 61. Bxa8 Kf5 62. Kc4 Kf4 63. Kd3 Kg3 64. Ke2 Kh2 65. Be4 g3 66. Bf5 g2 67. Rxh3+ Kg1 68. Rg3 Kh2 69. Kf2 g1=Q+ 70. Rxg1 e4 71. Rg8 e3+ 72. Kf3 Kh1 73. Rh8+ Kg1 74. Kxe3 Kg2 75. Rg8+ Kf1 76. Bc8 Ke1 77. Rg1# 1-0

[Event "*** Titled Tuesday Blitz"]
[Site "Chess.com"]
[Date "2020.12.29"]
[Round "9"]
[White "Gulkov_Igor"]
[Black "Leo_C"]
[Result "1-0"]
[WhiteElo "2544"]
[BlackElo "2377"]
[TimeControl "180+1"]
[EndTime "11:46:27 PST"]
[Termination "Gulkov_Igor won on time"]

1. Nf3 d5 2. d4 Nf6 3. c4 c6 4. Nc3 e6 5. Bg5 h6 6. Bxf6 Qxf6 7. e3 Nd7 8. Rc1 g6 9. Bd3 dxc4 10. Bxc4 Bg7 11. O-O O-O 12. e4 e5 13. d5 Nb6 14.
dxc6 bxc6 15. Bb3 Rd8 16. Qe2 Bg4 17. Na4 Rd4 18. Nc5 Rad8 19. Qe3 Bxf3 20. Qxf3 Qxf3 21. gxf3 Rd2 22. Rfd1 Bf8 23. Nb7 Rxd1+ 24. Rxd1 Rxd1+ 25. Bxd1 Bb4 26. Bb3 Kf8 27. Nd8 c5 28. Nc6 c4 29.
Bc2 c3 30. bxc3 Bxc3 31. Nxa7 Nc4 32. Nb5 Bb4 33. Bb3 Nd2 34. Kg2 Nb1 35. Nc7 Bc5 36. a4 Nd2 37. Ba2 h5 38. a5 Ke7 39. a6 h4 40. h3 g5 41. Nb5 g4 42. fxg4 Nxe4 43. a7 Bxa7 44. Nxa7 Nd6 45. Nc6+ Kf6 46. Bd5 Nb5 47. Nb4 Nc3 48. Bc6 Kg5 49. Nd3 f6 50. Nc5 Ne2 51. Ne6+ Kg6 52. Kf1 Nc3 53. Ke1 f5 54. Kd2 Na2 55. Nc5 Nb4 56. Bb7 fxg4 57. hxg4 Kg5 58. Ke2 Kxg4 59. Bc8+ Kf4 60. Ne6+ Kf5 61.
Nc5+ Kf4 62. Ne6+ Kf5 63. Kf1 Ke4 64. Ng5+ Kf4 65. Nh3+ Ke4 66. Kg2 Kd4 67. Bb7 Nd3 68. Ng5 e4 69. Nxe4 Nf4+ 70. Kf3 h3 71. Ng3 Ne6 72.
Kg4 h2 73. Kh3 Nc5 74. Bf3 Ne4 75. Nxe4 h1=Q+ 76. Bxh1 1-0

[Event "*** Titled Tuesday Blitz"]
[Site "Chess.com"]
[Date "2020.12.29"]
[Round "9"]
[White "Chessdreamer2020"]
[Black "Jungle_Jaguar"]
[Result "0-1"]
[WhiteElo "2495"]
[BlackElo "2619"]
[TimeControl "180+1"]
[EndTime "11:46:33 PST"]
[Termination "Jungle_Jaguar won by checkmate"]

1. e4 e5 2. Nf3 Nc6 3. Bb5 a6 4.
Bxc6 dxc6 5. O-O Qf6 6. d4 exd4 7. Bg5 Qd6 8. Nxd4 f6 9. Bh4 c5 10. Ne2 Bd7 11. Bg3 Qc6 12. Nbc3 O-O-O 13. Qd5 Ne7 14. Qc4 Be6 15. Qa4 b5 16. Qa5 Qb7 17. Nd5 Nxd5 18. exd5 Bxd5 19. Nf4 Bc4 20. Rfd1 Bd6 21. b3 Bf7 22. c4 h5 23. Nd5 Bxd5 24.
Rxd5 Bxg3 25. hxg3 Rxd5 26. cxd5 Rd8 27. Rd1 Rd6 28. Rd3 Kb8 29. Qd2 Qb6 30. Qe2 Qa5 31. a4 bxa4 32. Qe8+ Kb7 33. bxa4 c4 34. Rd1 Qb4 35.
Qxh5 c3 36. Qf5 Qxa4 37. Rb1+ Rb6 38. Rc1 Qc4 39. Qf3 Rb5 40. d6+ Qd5 41. Rxc3 Qxf3 42. Rxc7+ Kb6 43. gxf3 Rd5 44. Rxg7 Rxd6 45. g4 a5 46. Rg8 Kb7 47. Rg7+ Kb6 48. Re7 a4 49. Kg2 Kb5 50. f4 a3 51. g5 a2 52. Re1 fxg5 53. fxg5 Kc4 54. Kf3 Ra6 55. Kg4 Kd5 56. f4 a1=Q 57. Rxa1 Rxa1 58. Kf5 Kd6 59. Kf6 Rf1 60.
f5 Kd7 61. g6 Ke8 62. g7 Rg1 63. Ke6 Rxg7 64. Kf6 Rf7+ 65. Kg6 Ra7 66. f6 Kf8 67. Kf5 Kf7 68. Ke5 Ra5+ 69. Ke4 Kxf6 70. Kd4 Re5 71. Kd3 Ke6 72. Kd2 Re4 73. Kd3 Ke5 74. Kd2 Kd5 75. Kd3 Re5 76. Kc3 Re3+ 77. Kd2 Kd4 78. Kc2 Rd3 79.
Kc1 Kc3 80. Kb1 Rd6 81. Ka2 Ra6+ 82. Kb1 Ra7 83. Kc1 Ra1# 0-1

[Event "*** Titled Tuesday Blitz"]
[Site "Chess.com"]
[Date "2020.12.29"]
[Round "9"]
[White "gahryman"]
[Black "Natalya_Buksa"]
[Result "1-0"]
[WhiteElo "2686"]
[BlackElo "2544"]
[TimeControl "180+1"]
[EndTime "11:46:37 PST"]
[Termination "gahryman won by resignation"]

1. e4 c5 2. Nc3 Nc6 3. Bb5 Nd4 4. Nf3 Nxb5 5. Nxb5 d6 6. c4 Nf6 7. Nc3 Bg4 8. h3 Bxf3 9. Qxf3 g6 10. O-O Bg7 11. d3 O-O 12. Bg5 h6 13. Bh4 Nd7 14. Nd5 g5 15. Bg3 Ne5 16. Qe2 e6 17. Nc3 Nc6 18. f4 gxf4 19. Bxf4 Kh7 20. Qh5 Nd4 21.
Rf2 e5 22. Be3 f5 23. Nd5 f4 24. Bxd4 cxd4 25. Raf1 Qe8 26. Qxe8 Raxe8 27. g3 fxg3 28. Rxf8 Rxf8 29. Rxf8 Bxf8 30. Kg2 Kg6 31. Kxg3 h5 32. b4 Bh6 33. b5 Bd2 34. a4 Be1+ 35. Kf3 Kf7 36.
Ke2 Ba5 37. Kf2 Ke6 38. Kg2 Be1 39. Kf3 Ba5 40. Ke2 Kf7 41. Kd1 Kg6 42. Ne7+ Kg5 43. Nf5 Bb4 44. Ke2 Kf4 45. Kf2 Bc5 46. Ng7 Kg5 47.
Ne6+ Kf6 48. Nd8 b6 49. Nc6 Kg5 50. Nxa7 Bb4 51. Nc8 Bc5 52. Ne7 Bb4 53. Nd5 Ba5 54. Kg3 Be1+ 55. Kf3 Ba5 56. Ne7 Kh4 57. Kg2 Bb4 58. a5 Bxa5 59. Nf5+ Kg5 60. Nxd6 Kf4 61. Kf2 Bd2 62. c5 bxc5 63. b6 Ba5 64. b7 Bc7 65. Ne8 Bb8 66. Ng7 Kg5 67. Ne6+ Kh4 68. Nd8 Kxh3 69.
Nc6 Bc7 70. b8=Q Bxb8 71. Nxb8 c4 72. dxc4 d3 73. c5 d2 74. Ke2 Kg2 75. c6 h4 76. c7 h3 77. c8=Q d1=Q+ 78. Kxd1 h2 79. Qg4+ Kf2 80. Qh4+ Kg2 81. Ke2 h1=Q 82. Qxh1+ Kxh1 83. Kf3 Kh2 84. Nc6 Kh3 85. Nxe5 Kh4 86. Kf4 Kh5 87. Kf5 Kh6 88. Kf6 Kh7 89. Kf7 Kh6 90.
Nd7 Kg5 91. e5 Kf5 92. e6 1-0

[Event "*** Titled Tuesday Blitz"]
[Site "Chess.com"]
[Date "2020.12.29"]
[Round "9"]
[White "ShapkinAnatoliy"]
[Black "FontVella8"]
[Result "1/2-1/2"]
[WhiteElo "2706"]
[BlackElo "2546"]
[TimeControl "180+1"]
[EndTime "11:46:41 PST"]
[Termination "Game drawn - insufficient material"]

1. d4 d5 2. c4 c6 3. cxd5 cxd5 4. Nc3 Nc6 5. Nf3 Nf6 6. Bf4 a6 7. e3 e6 8. Bd3 Bd6 9. Bg5 h6 10. Bh4 b5 11. O-O Bb7 12. a4 b4 13. Nb1 g5 14.
Bg3 Ne4 15. Bxe4 dxe4 16. Nfd2 Ne7 17. Bxd6 Qxd6 18. Nc4 Qc7 19. Nbd2 O-O 20. a5 Ng6 21. Nb6 Rad8 22. Qb3 Qe7 23. Ra4 Ne5 24. Qxb4 Qxb4 25. Rxb4 Nd3 26. Rc4 Nxb2 27. Rc7 Bd5 28. Nd7 Rc8 29.
Rfc1 Rxc7 30. Rxc7 Rd8 31. Nxe4 Bxe4 32. Nf6+ Kg7 33. Nxe4 e5 34. Rc2 Nd3 35. Rd2 Rb8 36. h4 Rb1+ 37. Kh2 Rb3 38. hxg5 hxg5 39. Nxg5 exd4 40.
exd4 Kf6 41. Ne4+ Kf5 42. f3 Nf4 43. d5 Rd3 44. Rxd3 Nxd3 45. d6 Ke6 46. Ng5+ Kxd6 47. Nxf7+ Ke7 48. Ng5 Ne5 49. Ne4 Nc4 50. Nc5 Nxa5 51.
Nxa6 Nc6 52. Nc5 Kf6 53. Ne4+ Kf5 54. Kg3 Nd4 55. Nf2 Ne2+ 56. Kh2 Nf4 57. Ng4 Ne2 58. Nf2 Kf4 59. Nd3+ Kf5 60. Kh3 Kg5 61. g3 Ng1+ 62. Kg2 Ne2 63. Kf2 Nd4 64. f4+ Kg4 65. Ne5+ Kf5 66.
Nc4 Kf6 67. Ne3 Nb3 68. Kf3 Nd4+ 69. Ke4 Ne6 70. g4 Nc5+ 71. Kf3 Nd3 72. Nd5+ Kg6 73.
Ke4 Nf2+ 74. Kf3 Nd3 75. Nc3 Kf6 76. Ne4+ Kg6 77. f5+ Kh6 78. g5+ Kh5 79. g6 Ne5+ 80.
Kf4 Nxg6+ 81. Kf3 Nh4+ 82. Kf4 Nxf5 1/2-1/2

[Event "*** Titled Tuesday Blitz"]
[Site "Chess.com"]
[Date "2020.12.29"]
[Round "9"]
[White "Vusatiuk_Vladimir"]
[Black "kleopl"]
[Result "0-1"]
[WhiteElo "2314"]
[BlackElo "2475"]
[TimeControl "180+1"]
[EndTime "11:46:50 PST"]
[Termination "kleopl won by resignation"]

1. d4 d6 2. c4 e5 3. dxe5 dxe5 4.
Qxd8+ Kxd8 5. Nc3 c6 6. Nf3 f6 7.
e3 Be6 8. b3 Nd7 9. Bb2 Kc7 10.
O-O-O a5 11. Rg1 h5 12. h3 h4 13. Bd3 Nc5 14. Bc2 Na6 15. Ne4 Ne7 16. Ba3 Nf5 17.
Bxf8 Rhxf8 18. Kb2 g5 19. Kc3 Ne7 20. Rd6 Nc5 21.
Rgd1 Nxe4+ 22. Bxe4 Bc8 23. Bc2 Nd5+ 24. R1xd5 cxd5 25. Rxd5 Bd7 26. e4 Bc6 27. Rd2 Rad8 28. a3 Rxd2 29.
Nxd2 Rg8 30. f3 Bd7 31. Nf1 Be6 32. Ne3 Rd8 33. Bd3 Kb6 34. Bc2 Kc5 35. Bd3 Rd7 36. Be2 Rd4 37. a4 Rd8 38. Bd3 Kd6 39. Bc2 Ke7 40.
Bd3 Kf7 41. Bc2 Bd7 42. Bd3 Bc6 43. Bc2 Rd6 44. Nf5 Rd8 45. Ne3 Bd7 46. Bd3 Be6 47.
Bc2 Kg6 48. Bd3 g4 49. fxg4 Kg5 50. Nd5 Bxd5 51. exd5 Kf4 52. Be2 e4 53. Kd4 Re8 54. d6 Kg3 55. c5 Kf2 56. Bd1 e3 57.
Kd5 Kxg2 58. d7 Rd8 59. Kd6 Kxh3 60. Kc7 Rxd7+ 61. Kxd7 Kg3 62. Kc7 h3 63. Kxb7 h2 64. c6 h1=Q 65. Be2 Qg2 66. Bc4 e2 67. Bxe2 Qxe2 68.
c7 Qe4+ 69. Kb8 Qb4+ 70. Ka8 Qc5 71. Kb8 Qb4+ 72. Ka8 Qxg4 73. Kb7 Qb4+ 74. Ka8 Qc5 75. Kb8 Qd5 76. c8=Q Qxb3+ 77. Ka7 Qxa4 78. Qf5 Qd4+ 79.
Ka6 a4 80. Qg6+ Kf3 81. Qf5+ Ke3 82. Qh3+ Kd2 83. Qg2+ Kc3 84. Qf3+ Qd3+ 85. Qxd3+ Kxd3 0-1

[Event "*** Titled Tuesday Blitz"]
[Site "Chess.com"]
[Date "2020.12.29"]
[Round "9"]
[White "theturtlemoves"]
[Black "karinachess1"]
[Result "1-0"]
[WhiteElo "2377"]
[BlackElo "2471"]
[TimeControl "180+1"]
[EndTime "11:46:56 PST"]
[Termination "theturtlemoves won by checkmate"]

1. e4 d6 2. d4 Nf6 3. Nd2 e5 4. c3 Nbd7 5. Ngf3 c6 6. Bd3 Be7 7. O-O O-O 8. Re1 Qc7 9. Nf1 Re8 10. Ng3 Nf8 11. h3 g6 12. Bh6 Ne6 13. Qd2 Ng7 14.
c4 Bf8 15. d5 Bd7 16. b4 a5 17. bxa5 Rxa5 18. Reb1 Rea8 19. Qb2 b5 20. dxc6 bxc4 21. Bxc4 Bxc6 22. Ng5 d5 23. exd5 Bxd5 24. Bxd5 Nxd5 25.
Qb7 Qxb7 26. Rxb7 R5a7 27. Rxa7 Rxa7 28. a4 Bb4 29. Nf3 f6 30. Ne4 Kf7 31. Rd1 Ra5 32.
h4 Ne6 33. Bc1 Nef4 34. Bxf4 Nxf4 35. Rd7+ Ke6 36. Rxh7 Rxa4 37. g3 Ne2+ 38. Kf1 Be7 39. Kxe2 Rxe4+ 40. Kf1 Ra4 41. Kg2 Ra2 42. Ng1 Bc5 43.
Nh3 e4 44. Rg7 e3 45. Rxg6 e2 46. Nf4+ Kf5 47. Kf3 e1=Q 48. g4+ Ke5 49. Nd3+ Kd4 50. Nxe1 Ra3+ 51. Kg2 Ke5 52. Nf3+ Ke6 53. g5 Kf5 54. Rxf6+ Kg4 55. g6 Ra2 56. Ne5+ Kxh4 57. g7 Ra8 58. Ng6+ Kg5 59. Nf8 Kxf6 60. g8=Q Rxf8 61. Qd5 Be7 62. f4 Rf7 63. Kf3 Rf8 64. Kg4 Bd8 65.
Qd6+ Kf7 66. f5 Bf6 67. Qd7+ Be7 68. Kf4 Kf6 69. Qe6+ Kg7 70. Qg6+ Kh8 71. Kg4 Bf6 72. Qh6+ Kg8 73. Qg6+ Bg7 74. Kg5 Rf6 75. Qe8+ Rf8 76.
Qg6 Rf6 77. Qxf6 Bxf6+ 78. Kxf6 Kf8 79. Ke6 Ke8 80. f6 Kf8 81. f7 Kg7 82. Ke7 Kg6 83. f8=Q Kg5 84. Qf6+ Kg4 85. Ke6 Kg3 86. Ke5 Kg2 87.
Ke4 Kg1 88. Ke3 Kh1 89. Qf3+ Kh2 90. Qg4 Kh1 91. Kf2 Kh2 92. Qh5# 1-0

[Event "*** Titled Tuesday Blitz"]
[Site "Chess.com"]
[Date "2020.12.29"]
[Round "9"]
[White "Euge_chess"]
[Black "vova-79"]
[Result "0-1"]
[WhiteElo "2082"]
[BlackElo "2533"]
[TimeControl "180+1"]
[EndTime "11:47:03 PST"]
[Termination "vova-79 won on time"]

1. e4 d5 2. exd5 Qxd5 3. Nc3 Qd6 4. Nf3 Nf6 5. d4 g6 6. Be2 Bg7 7. O-O O-O 8. Be3 a6 9. Ne5 Nc6 10. Nxc6 Qxc6 11. Bf3 Qd7 12. Re1 c6 13. Rb1 Nd5 14. Nxd5 cxd5 15. b3 Qd6 16. c4 Be6 17. c5 Qd7 18.
Qd2 Bf5 19. Rbc1 a5 20. a4 Rfc8 21. h3 h5 22. Bh6 Bh8 23. Bg5 Be6 24. Re2 Rc6 25.
Rce1 b6 26. Be3 Rb8 27. Rb1 Bf5 28. Rc1 Be6 29. Rb1 Bf6 30. cxb6 Rcxb6 31. Qxa5 Rxb3 32. Rc1 R3b4 33. Ra2 Bxd4 34. Bxd4 Rxd4 35. Qc7 Ra8 36. Qxd7 Bxd7 37. a5 Ra7 38. a6 Bb5 39. Rc5 Rxa6 40. Rxa6 Bxa6 41. Rxd5 Rxd5 42. Bxd5 h4 43. Kh2 Kg7 44.
g3 hxg3+ 45. Kxg3 f5 46. Kf4 Kf6 47. h4 e5+ 48. Ke3 Bb5 49. f4 Be8 50. Bc4 e4 51. Be2 Ke6 52. Bc4+ Kd6 53. Be2 Kc5 54. Bd1 Bf7 55.
Bc2 Kb4 56. Bd1 Kc3 57. Be2 Bc4 58. Bd1 Bb3 59. Be2 Bf7 60. Bd1 Be8 61. Be2 Kc2 62.
Bf1 Kd1 63. Be2+ Ke1 64. Bc4 Kd1 65. Be2+ Kc2 66. Bc4 Kc3 67. Be2 Ba4 68. Bf1 Bb3 69. Bg2 Bd1 70. Bh3 Bh5 71. Bg2 Kc2 72. Bf1 Kd1 73.
Bb5 Ke1 74. Bc4 Bg4 75. Bb5 Bd1 76. Bc4 Bg4 77. Bf7 Bh5 78. Bc4 Kd1 79. Bb5 Kc2 80.
Bc4 Kc3 81. Bb5 Kb4 82. Bf1 Kc5 83. Bg2 Bg4 84. Bf1 Kd6 85. Bg2 Ke7 86. Bf1 Kf6 87.
Bc4 Kg7 88. Kf2 Kh6 0-1